 Dungeon Crawl Stone Soup version 0.28-a0-1182-g381e24db82 (webtiles) character file.

Game seed: 5508016400946100077

203 ChaosChampion the Insei (level 5, -2/33 HPs)
             Began as an Octopode Transmuter on Dec 17, 2021.
             Slain by a quokka (4 damage)
             ... on level 2 of the Dungeon.
             The game lasted 00:02:48 (2154 turns).

ChaosChampion the Insei (Octopode Transmuter)       Turns: 2154, Time: 00:02:49

Health: -2/33      AC:  1    Str:  9    XL:     5   Next: 81%
Magic:  8/8        EV: 13    Int: 17    God:
Gold:   46         SH:  0    Dex: 13    Spells: 5/8 levels left

rFire   . . .      SeeInvis .     - Unarmed
rCold   . . .      Faith    .   (no shield)
rNeg    . . .      Spirit   .   (helmet restricted)
rPois   .          Reflect  .   (no amulet)
rElec   .          Harm     .   (no ring)
rCorr   .          Rampage  .   (no ring)
Will    .....                   (no ring)
Stlth   ++........              (no ring)
HPRegen 0.11/turn               (no ring)
MPRegen 0.11/turn               (no ring)
                                (no ring)
                                (no ring)

@: no status effects
A: almost no armour, amphibious, 8 rings, camouflage 1, gelatinous body 1,
(nimble swimmer 1), tentacles
a: no special abilities


You were on level 2 of the Dungeon.
You visited 1 branch of the dungeon, and saw 2 of its levels.

You collected 46 gold pieces.

Inventory:

Scrolls
 a - a scroll of noise {unknown}
 b - a scroll of identify {unknown}
 c - a scroll of amnesia {unknown}
 d - a scroll of magic mapping {unknown}


   Skills:
 - Level 1.0 Fighting
 - Level 2.0 Dodging
 * Level 5.4 Unarmed Combat
 - Level 2.0 Spellcasting
 + Level 3.7 Transmutations


You had 5 spell levels left.
You knew the following spells:

 Your Spells              Type           Power      Damage    Failure   Level
a - Beastly Appendage     Tmut           28%        N/A       4%          1
b - Wereblood             Tmut           14%        N/A       6%          2

Your spell library contained the following spells:

 Spells                   Type           Power      Damage    Failure   Level
 Pain                     Necr           4%         1d4       19%         1
 Spider Form              Tmut/Pois      7%         N/A       26%         3
 Ice Form                 Ice/Tmut       7%         N/A       65%         4
 Agony                    Necr           1%         N/A       99%         5
 Excruciating Wounds      Necr           0%         N/A       99%         5


Dungeon Overview and Level Annotations

Branches:
Dungeon (2/15)

Altars:


Innate Abilities, Weirdness & Mutations

You cannot wear most types of armour.
You are amphibious.
You can wear up to eight rings at the same time.
Your skin changes colour to match your surroundings (Stealth+).
Your rubbery body absorbs attacks. (AC +1, EV +1)
((You are camouflaged near water. (Stealth+)))
You have tentacles for arms and can constrict up to eight enemies at once.


Message History

You aren't carrying any potions.
You tentacle-slap Sigmund. You grab Sigmund.
You pierce Sigmund.
Sigmund is moderately wounded.
You constrict Sigmund, but do no damage.
You tentacle-slap Sigmund.
You tentacle-slap Sigmund, but do no damage.
Sigmund is heavily wounded.
You constrict Sigmund. Sigmund hits you with a +0 scythe!
* * * LOW HITPOINT WARNING * * *
You tentacle-slap Sigmund.
You pierce Sigmund.
Sigmund is heavily wounded.
You constrict Sigmund. Sigmund barely misses you.
Unknown command.
You tentacle-slap Sigmund.
You pierce Sigmund.
Sigmund is severely wounded.
You constrict Sigmund, but do no damage.
A ball python comes into view.
You completely miss Sigmund.
The ball python hisses angrily.
You pierce Sigmund.
You tentacle-slap Sigmund.
Sigmund is almost dead.
You constrict Sigmund. Sigmund closely misses you.
You tentacle-slap Sigmund.
You kill Sigmund!
Your Unarmed Combat skill increases to level 5!
Your Transmutations skill increases to level 3!
You have reached level 4!
You have reached level 5!
You feel agile. The quokka barely misses you.
Your transformation is almost over.
The quokka closely misses you. The quokka closely misses you.
Your tentacle spike disappears.
The ball python bites you.
* * * LOW HITPOINT WARNING * * *
The ball python misses you. The quokka barely misses you. The quokka bites you.
You die...

... #......# #....)#[.#
#..# ##......## #....#†##)
....###........# #....#)##.
...............###.....#.)#
......................#†##.
..........#..†.............
........<÷.................
..........##.#.###...####..
#.........@rS..# #.........
#######..###.### #...#####.
#...[..# #...# #. ##.#####
#...# ## #.# ..... #.#
#......


You could see a quokka and a ball python.

Vanquished Creatures
  Sigmund (D:2)
  An adder (D:2)
  3 dart slugs
  3 endoplasms
  4 hobgoblins
  3 ball pythons (D:1)
  4 bats (D:1)
  3 frilled lizards
  4 goblins
  3 kobolds
  6 rats
35 creatures vanquished.

Notes
Turn   | Place    | Note
-------+----------+-------------------------------------------
     0 | D:1      | ChaosChampion the Octopode Transmuter began the quest for
                  | the Orb.
     0 | D:1      | Reached XP level 1. HP: 13/13 MP: 3/3
   377 | D:1      | Reached XP level 2. HP: 13/18 MP: 3/5
  1075 | D:1      | Learned a level 2 spell: Wereblood
  1206 | D:1      | Reached XP level 3. HP: 23/23 MP: 4/6
  1310 | D:1      | Found a faded altar of an unknown god.
  1627 | D:2      | Reached skill level 4 in Unarmed Combat
  2122 | D:2      | Noticed Sigmund
  2126 | D:2      | HP: 1/23 [Sigmund (9)]
  2130 | D:2      | Killed Sigmund
  2131 | D:2      | Reached skill level 5 in Unarmed Combat
  2131 | D:2      | Reached XP level 4. HP: 1/28 MP: 5/7
  2131 | D:2      | Reached XP level 5. HP: 1/33 MP: 5/8
  2146 | D:2      | HP: 1/33 [ball python (2)]
  2154 | D:2      | Slain by a quokka

Illustrated notes

Levels and vault maps discovered:
D:1:      minmay_arrival_solitary_statue, layout_loops_ring,
          shapermc_ecumenical_altar_flowoftime
D:2:      cheibrodos_greedy_goblins, layout_loops_cross, minmay_small_reverse_x,
          uniq_sigmund

Skill      XL: |  1  2  3 |
---------------+----------+-----
Unarmed Combat | 5 |  5.4
Transmutations | 3 |  3.7
Fighting       | |  1.0
Dodging        | |  2.0
Spellcasting   | |  2.0

Action                   |  1- 3 |  4- 6 || total
-------------------------+-------+-------++-------
Melee: Unarmed           |    80 |       ||    80
       Constrict         |    19 |       ||    19
       Kick              |    12 |       ||    12
       Tentacles         |     8 |       ||     8
       Punch             |     3 |       ||     3
 Cast: Beastly Appendage |    17 |       ||    17
       Wereblood         |     1 |       ||     1
 Stab: Sleeping          |     7 |       ||     7
       Distracted        |     1 |       ||     1
Armor: Skin              |     1 |       ||     1
Dodge: Dodged            |    42 |     5 ||    47

Table legend: (Time is in decaauts)
 A = Elapsed time spent in this place.
 B = Non-inter-level travel time spent in this place.
 C = Inter-level travel time spent in this place.
 D = Time resting spent in this place.
 E = Time spent auto-exploring this place.
 F = Levels seen in this place.
 G = Mean time per level.
                   A        B        C        D        E       F      G
               +--------+--------+--------+--------+--------+-----+--------+
         Total |   2149 |   2112 |     37 |    254 |   1594 |   2 | 1074.5 |
       Dungeon |   2149 |   2112 |     37 |    254 |   1594 |   2 | 1074.5 |
               +--------+--------+--------+--------+--------+-----+--------+

Top non-repeatable levels by time:
     D:1: 1857 daAuts
     D:2: 291 daAuts
